 Dungeon Crawl Stone Soup version 0.20-b1 (webtiles) character file.

110 miragecloak the Insei (level 4, -2/36 HPs)
             Began as a Draconian Transmuter on May 19, 2017.
             Slain by a bullfrog (5 damage)
             ... on level 3 of the Dungeon.
             The game lasted 00:02:30 (3306 turns).

miragecloak the Insei (Draconian Transmuter)        Turns: 3306, Time: 00:02:31

Health: -2/36      AC:  7    Str: 12    XL:     4   Next: 61%
Magic:  7/7        EV: 12    Int: 13    God:
Gold:   113        SH:  0    Dex: 13    Spells: 6/7 levels left

rFire    . . .     SeeInvis .     - Unarmed
rCold    . . .     Gourm    .   (no shield)
rNeg     . . .     Faith    .   (armour unavailable)
rPois    .         Spirit   .   (helmet restricted)
rElec    .         Reflect  .   (no cloak)
rCorr    .         Harm     .   p - +0 pair of gloves
MR       .....                  h - +0 pair of boots
Stlth    +.........             (no amulet)
Regen    0.2/turn               (no ring)
MPRegen  0.1/turn               (no ring)

@: appendage (expiring)
A: unfitting armour, horns 2, cold-blooded, AC +5
a: End Transformation


You were on level 3 of the Dungeon.
You were hungry.
You had grown temporary horns.
You visited 1 branch of the dungeon, and saw 3 of its levels.

You collected 113 gold pieces.

Inventory:

Missiles
 a - 12 arrows
Armour
 h - a +0 pair of boots (worn)
 p - a +0 pair of gloves (worn)
Scrolls
 d - 3 scrolls of remove curse {unknown}
 e - 4 scrolls of identify {unknown}
 i - a scroll of enchant armour {unknown}
 l - 2 scrolls of fear {unknown}
 o - 2 scrolls of blinking {unknown}
 r - 2 scrolls of random uselessness {unknown}
 s - 2 scrolls of teleportation {unknown}
Potions
 j - a potion of degeneration {unknown}
 k - 3 potions of curing {unknown}
 m - a potion of flight {unknown}
 n - a potion of haste {unknown}
 q - a potion of ambrosia {unknown}
Books
 b - a book of Changes

   Spells                             Type                      Level
   a - Beastly Appendage              Transmutation                1
   b - Sticks to Snakes               Transmutation                2
   c - Spider Form                    Transmutation/Poison         3
   d - Ice Form                       Ice/Transmutation            4
   e - Blade Hands                    Transmutation                5
Comestibles
 c - a bread ration
 f - 6 fruits
 g - 2 meat rations


   Skills:
 + Level 2.1 Fighting
 - Level 1.7 Dodging
 + Level 5.1 Unarmed Combat
 - Level 2.0 Spellcasting
 - Level 2.0 Transmutations


You had 6 spell levels left.
You knew the following spells:

 Your Spells              Type           Power        Failure   Level  Hunger
a - Beastly Appendage     Tmut           #.....       11%         1    ##.....


Dungeon Overview and Level Annotations

Branches:
Dungeon (3/15)

Altars:

Annotations:
D:3 miragecloak's ghost, amateur DrTm


Innate Abilities, Weirdness & Mutations

Your plain brown scales are hard. (AC +5)
You cannot fit into any form of body armour.
You are cold-blooded and may be slowed by cold attacks.
You have a pair of horns on your head.


Message History

The iguana bites you.
You barely miss the iguana. Your punch misses the iguana.
The iguana is moderately wounded.
The iguana bites you.
You hit the iguana but do no damage.
The iguana is moderately wounded.
The iguana bites you!
You closely miss the iguana.
The iguana is moderately wounded.
The iguana bites you!
* * * LOW HITPOINT WARNING * * *
You closely miss the iguana.
The iguana is moderately wounded.
Your transformation is almost over.
The iguana bites you!
* * * LOW HITPOINT WARNING * * *
The bullfrog croaks.
You see here a spear.
The bullfrog hits you.
You die...

...# ##.# ## #.###### #.. ..
#......# #.# #.# ## ######.# #)#
#.# .. #.# #.# #.# .#
#######.###### #.# #.# .#
#....(........###.## #.# #.####
#.#(#######.....@F.####.####.##..
....# #.#.###.......)........
.)(.# #.#.# #l#####.####.....
#.#.# #.#.# #)# #.# ####. #.#.#
#.#.###.# #.# ##. #.#.# #.......#
#.#######..
#.#.#######.#.#########..........
#.#......................######..
#..............########### #..


You could see a bullfrog and an iguana.

Vanquished Creatures
  An orc wizard (D:3)
  An adder (D:3)
  4 worms
  3 dart slugs
  2 leopard geckos
  2 orcs (D:3)
  A ball python (D:3)
  3 giant cockroaches
  7 goblins
  9 hobgoblins
  7 kobolds
  A bat (D:1)
  4 frilled lizards
  7 rats
52 creatures vanquished.

Notes
Turn   | Place    | Note
-------+----------+-------------------------------------------
     0 | D:1      | miragecloak the Draconian Transmuter began the quest for the Orb.
     0 | D:1      | Reached XP level 1. HP: 16/16 MP: 3/3
   137 | D:1      | Reached XP level 2. HP: 11/23 MP: 3/5
   464 | D:1      | Reached skill level 4 in Unarmed Combat
   829 | D:2      | Reached XP level 3. HP: 17/28 MP: 4/6
  1777 | D:3      | Reached XP level 4. HP: 9/36 MP: 7/7
  2112 | D:3      | Noticed miragecloak's ghost (amateur DrTm)
  2117 | D:3      | Reached skill level 5 in Unarmed Combat
  2931 | D:3      | Noticed a bullfrog
  3306 | D:3      | Slain by a bullfrog

Skill      XL: |  1  2  3  4 |
---------------+-------------+-----
Unarmed Combat | 4 5 |  5.1
Fighting       | 2 |  2.1
Dodging        | |  1.7
Spellcasting   | |  2.0
Transmutations | |  2.0

Action                   |  1- 3 |  4- 6 || total
-------------------------+-------+-------++-------
Melee: Unarmed           |   132 |    63 ||   195
       Headbutt          |    15 |     6 ||    21
       Kick              |     1 |       ||     1
       Tailslap          |    11 |     9 ||    20
       Punch             |     3 |     3 ||     6
 Cast: Beastly Appendage |    32 |    14 ||    46
 Stab: Sleeping          |     2 |       ||     2
  Eat: Chunk             |     3 |     5 ||     8
Armor: Skin              |    33 |     9 ||    42
Dodge: Dodged            |    63 |    32 ||    95
